AoeStats
← king.

Pilgrims

508936761Analyzed
2v2 RM · 8d ago on Sep 24, 2026· 49m 5s· 4 players
Game mode
Random Map
Map size
Medium (4 player)
Population
200
Speed
Normal
Resources
Standard
Victory
Conquest
Starting age
Dark Age
Ending age
Imperial Age
RankedLock teamsTeams togetherTeam positionsShared explorationLock speedFull tech treeHidden civsTurbo modeCheats
Victory
Defeat
🇹🇷 Varangians · Türkiye
856
+14
🇹🇷 Franks · Türkiye
827
+16
🇲🇽 Huns · Mexico
954
-20
🇫🇷 Slavs · France
689
-10
Joaka11
10:24 Feudal Age
8:39 Loom
12:38 Fishing Lines
18:09 Castle Age
19:07 Medium Warships
20:59 Husbandry
20:59 Double-Bit Axe
20:57 Horse Collar
21:27 Scale Barding Armor
23:16 Crossbowman
31:47 Pikeman
33:43 Forging
37:01 Wheelbarrow
36:11 Town Watch
36:40 Thumb Ring
39:13 Heavy Plow
39:25 Bow Saw
40:52 Ballistics
43:36 Hand Cart
43:22 Town Patrol
44:16 Iron Casting
Sir Var Da Gar
8:14 Loom
11:34 Feudal Age
12:54 Wheelbarrow
12:11 Double-Bit Axe
15:00 Horse Collar
20:17 Castle Age
22:24 Hand Cart
22:25 Bow Saw
22:25 Heavy Plow
24:57 Murder Holes
25:57 Gold Mining
25:42 Man-at-Arms
29:00 Long Swordsman
31:06 Detinets
33:12 Scale Barding Armor
33:18 Forging
35:16 Fletching
35:47 Chain Barding Armor
37:36 Iron Casting
36:57 Bodkin Arrow
39:26 Pikeman
44:01 Imperial Age
42:47 Scale Mail Armor
44:38 Bloodlines
44:29 Husbandry
44:10 Two-Handed Swordsman
46:21 Champion
48:44 Chain Mail Armor
LordSNS
13:26 Feudal Age
13:53 Double-Bit Axe
13:54 Fishing Lines
19:21 Forging
19:17 Scale Barding Armor
21:33 Horse Collar
25:52 Bloodlines
31:21 Castle Age
33:01 Scale Mail Armor
34:07 Light Cavalry
34:48 Husbandry
36:31 Gambesons
36:46 Squires
37:00 Scale Mail Armor
37:46 Iron Casting
37:32 Chain Barding Armor
36:50 Pikeman
38:25 Bow Saw
41:55 Gillnets
45:50 Caravan
46:24 Coinage
45:58 Scale Mail Armor
45:50 Arson
50:58 Imperial Age
48:45 Chain Mail Armor
king.
14:29 Feudal Age
17:18 Double-Bit Axe
20:28 Castle Age
21:10 Light Cavalry
23:09 Gold Mining
36:25 Imperial Age
34:06 Scale Barding Armor
34:05 Pikeman
48:50 Bow Saw
Connection lost

Rejoining the realm…

Still unreachable

The connection could not be restored.

Session expired

The server has moved on; the page needs a fresh start.